 Dungeon Crawl Stone Soup version 0.31-a0-1555-g5715333c33 (webtiles) character file.

Game seed: 10144579525734543882

205 James the Poker (level 6, 0/47 HPs)
             Began as a Formicid Fighter on Jan 3, 2024.
             Was an Initiate of the Shining One.
             Slain by an ogre
             ... wielding a +0 giant spiked club
              (27 damage)
             ... on level 5 of the Dungeon.
             The game lasted 00:11:18 (3573 turns).

James the Poker (Formicid Fighter)                  Turns: 3573, Time: 00:11:18

Health: 0/47       AC: 12    Str: 23    XL:     6   Next: 9%
Magic:  6/6        EV: 10    Int:  7    God:    the Shining One [......]
Gold:   154        SH:  5    Dex: 13    Spells: 5/5 levels left

rFire   . . .        a - +0 trident
rCold   . . .        c - +0 buckler
rNeg    . . .        i - +4 ring mail
rPois   .            (helmet unavailable)
rElec   .            F - +0 cloak
rCorr   .            m - +0 pair of gloves
SInv    +            (no boots)
Will    .....        (no amulet)
Stlth   +            D - ring of wizardry
HPRegen 0.27/turn    (no ring)
MPRegen 0.10/turn

%: wizardry (x1)
@: glowing
A: permanent stasis, dig shafts and tunnels, antennae 3, four strong arms
a: Dig, Shaft Self, Renounce Religion


You were on level 5 of the Dungeon.
You worshipped the Shining One.
The Shining One was noncommittal.
You visited 2 branches of the dungeon, and saw 6 of its levels.

You collected 154 gold pieces.

Inventory:

Hand Weapons
 a - a +0 trident (weapon)
 b - a +0 sling
   (You found it on level 1 of the Dungeon)
 o - a +0 battleaxe
   (You found it on level 5 of the Dungeon)
 A - a +1 dagger of venom
   (You took it off a goblin on level 4 of the Dungeon)
Missiles
 l - 31 stones
 r - 8 poisoned darts (quivered)
Armour
 c - a +0 buckler (worn)
 f - a +0 robe
   (You found it on level 1 of the Dungeon)
 i - a +4 ring mail (worn)
   (You found it on level 1 of the Dungeon)
 j - a +0 scale mail
   (You took it off an orc on level 4 of the Dungeon)
 k - a +0 robe
   (You found it on level 1 of the Dungeon)
 m - a +0 pair of gloves (worn)
   (You found it on level 2 of the Dungeon)
 s - a +0 leather armour
   (You found it on level 2 of the Dungeon)
 w - a +0 plate armour
   (You found it on level 3 of the Dungeon)
 y - a +0 leather armour
   (You found it on level 3 of the Dungeon)
 C - a +0 robe
   (You found it on level 4 of the Dungeon)
 E - a +0 ring mail
   (You found it on level 4 of the Dungeon)
 F - a +0 cloak (worn)
   (You found it on level 4 of the Dungeon)
 H - a +0 chain mail
   (You found it on level 5 of the Dungeon)
Jewellery
 D - a ring of wizardry (left hand)
   (You found it on level 4 of the Dungeon)
Wands
 t - a wand of quicksilver (9)
   (You found it on level 2 of the Dungeon)
Scrolls
 e - 2 scrolls of fog
 q - a scroll of poison {!r}
 z - 2 scrolls of silence
 G - a scroll of teleportation {unknown}
Potions
 d - a potion of might
 g - 2 potions of lignification {!q}
 h - 2 potions of invisibility {unknown}
 n - a potion of resistance {unknown}
 p - a potion of curing {unknown}
 u - a potion of magic {unknown}
 v - 2 potions of mutation {unknown}
 x - a potion of heal wounds {@q2}
 B - a potion of attraction {unknown}


   Skills:
 - Level 3.2 Fighting
 + Level 5.9 Polearms
 - Level 3.2 Armour
 - Level 4.0 Shields


You had 5 spell levels left.
You didn't know any spells.
Your spell library contained the following spells:

 Spells                   Type           Power      Damage    Failure   Level
 Foxfire                  Conj/Fire      0%         2x1d4     32%         1
 Plasma Beam              Fire/Air       0%         2x1d10    100%        6
 Starburst                Conj/Fire      0%         6d3       100%        6


Dungeon Overview and Level Annotations

Branches:
Dungeon (5/15)             Temple (1/1) D:4

Altars:
Cheibriados
Dithmenos
Fedhas
Qazlal
Ru
Trog
Vehumet
Wu Jian
Yredelemnul
Zin
The Shining One

Shops:
D:3 [(


Innate Abilities, Weirdness & Mutations

You cannot be hasted, slowed, berserked, paralysed or teleported.
You can dig through walls and to a lower floor.
You have a pair of large antennae on your head. (SInv)
Your four strong arms can wield two-handed weapons with a shield.


Message History

There is a stone staircase leading up here.
You climb upwards.
There is a stone staircase leading down here.
As you read the scroll labelled ESCHEJ SAELYE, it crumbles to dust.
A profound silence engulfs you.
It was a scroll of silence.
You start waiting.
Your hearing returns.
The air fills with toxic fumes!
As you read the scroll labelled MOUNGOD VO ERA, it crumbles to dust.
It was a scroll of poison.
You start waiting.
Done waiting.
As you read the scroll labelled CEAPLAHOPPE, it crumbles to dust.
It is a scroll of amnesia.
You feel forgetful for a moment.
Okay, then.
Unknown command.
You climb downwards.
There is a stone staircase leading up here.
Found a lumpy puce potion.
Found a battleaxe.
v - 2 lumpy puce potions (gained 1)
You see here a +0 battleaxe.
o - a +0 battleaxe
Found a hand axe.
Found a scroll labelled ACUOMUNOAG.
Found a stone staircase leading down.
Found a chain mail.
G - a scroll labelled ACUOMUNOAG
H - a +0 chain mail
There is a stone staircase leading down here.
An ogre comes into view. It is wielding a +0 giant spiked club.
The ogre shouts!
Throw: 10 darts (poison)
Press: ? - help, Q - select action, (/) - cycle Shift-Dir - straight line, f - ogre
Aim: an ogre, wielding a +0 giant spiked club (71% to hit)
You throw a poisoned dart. The poisoned dart hits the ogre.
The ogre is poisoned.
Throw: 9 darts (poison)
Press: ? - help, Q - select action, (/) - cycle Shift-Dir - straight line, f/p - ogre
Aim: an ogre, wielding a +0 giant spiked club (lightly wounded, poisoned, 71% to hit)
You throw a poisoned dart. The poisoned dart hits the ogre.
The ogre looks even sicker.
You reach to attack!
You barely miss the ogre. You puncture the ogre!
The ogre hits you with a +0 giant spiked club!!
You hit the ogre.
The ogre hits you with a +0 giant spiked club!!
Ouch! That really hurt!
You die...

.......## #..........#
........### ...........#
......)...##############
...........##
.........#..##
........###..## #######
....>..## ###.###......#
......## ##.....(...#
....#.# ##.@O....#
####### ###.##### ##


You could see an ogre (very poisoned).

Vanquished Creatures
  A bombardier beetle (D:4)
  2 iguanas (D:4)
  3 gnolls (D:3)
  3 adders
  A ribbon worm (D:2)
  3 orcs
  6 endoplasms
  4 giant cockroaches
  5 hobgoblins
  4 jackals (D:2)
  2 quokkas
  5 ball pythons
  2 bats
  8 goblins
  6 kobolds
  10 rats
65 creatures vanquished.

Notes
Turn   | Place    | Note
-------+----------+-------------------------------------------
     0 | D:1      | James the Formicid Fighter began the quest for the Orb.
     0 | D:1      | Reached XP level 1. HP: 18/18 MP: 1/1
   346 | D:1      | Reached XP level 2. HP: 24/24 MP: 2/2
   614 | D:1      | Reached skill level 3 in Polearms
   843 | D:2      | Reached XP level 3. HP: 29/29 MP: 3/3
  1163 | D:2      | Identified the +1 dagger of Severance {drain, *Rage rF+
                  | rCorr Dex+5}
  1350 | D:2      | Reached skill level 4 in Polearms
  1350 | D:2      | Reached XP level 4. HP: 32/35 MP: 4/4
  1913 | D:3      | Found a faded altar of an unknown god.
  2062 | D:3      | Found Ituipteumu's Antique Armour Shoppe.
  2072 | D:3      | Reached XP level 5. HP: 38/41 MP: 5/5
  2131 | D:3      | Found Hakof's Weapon Shoppe.
  2411 | D:4      | Found a staircase to the Ecumenical Temple.
  2428 | Temple   | Entered the Ecumenical Temple
  2435 | D:4      | Found a stormy altar of Qazlal.
  2471 | D:4      | Found an ornate altar of the Wu Jian Council.
  2472 | D:4      | Found a sacrificial altar of Ru.
  2492 | D:4      | Reached skill level 5 in Polearms
  2634 | D:4      | Found a glowing golden altar of the Shining One.
  2634 | D:4      | Found a basalt altar of Yredelemnul.
  2637 | D:4      | Noticed an angel
  2642 | D:4      | Became a worshipper of the Shining One
  2652 | D:4      | Noticed a profane servitor
  2759 | D:4      | Reached XP level 6. HP: 19/47 MP: 6/6
  2886 | D:4      | Noticed a water elemental
  2892 | D:4      | Noticed a fire elemental
  2897 | D:4      | Noticed an air elemental
  2933 | D:4      | Identified the +1 sling of Domination {drain, rN+ Will+
                  | Dex+3}
  3036 | D:4      | Noticed a black bear
  3369 | D:5      | Entered Level 5 of the Dungeon
  3567 | D:5      | Noticed an ogre
  3573 | D:5      | Slain by an ogre

Illustrated notes

Levels and vault maps discovered:
D:1:      spicycebolla_arrival_risky_transporter, layout_loops_ring,
          hangedman_decor_points
D:2:      layout_rooms
D:3:      layout_basic, ebering_ecumenical_altar_box, serial_shops,
          nicolae_shop_trees, nicolae_shop_tiny_statue_garden
D:4:      layout_basic, grunt_temple_overflow_holy_war,
          nicolae_qazlal_style_of_elements, nicolae_overflow_squiral,
          minmay_temple_entry_waves, lightli_corner_chamber
D:5:      layout_cave_pods, nicolae_gozag_seed_capital
Temple:   hellmonk_temple_micro_hex

Skill      XL: |  1  2  3  4  5 |
---------------+----------------+-----
Polearms       | 3 4 5 |  5.9
Fighting       | |  3.2
Armour         | |  3.2
Shields        | |  4.0

Action                     |  1- 3 |  4- 6 || total
---------------------------+-------+-------++-------
  Melee: Trident           |    98 |    94 ||   192
   Fire: Sling             |    19 |     5 ||    24
  Throw: Stone             |     1 |       ||     1
         Dart              |       |     2 ||     2
    Use: Scroll            |       |     9 ||     9
 Armour: Scale mail        |     2 |       ||     2
         Ring mail         |    39 |    34 ||    73
  Dodge: Dodged            |    37 |    23 ||    60
  Block: Buckler           |    24 |    10 ||    34

Table legend: (Time is in decaauts)
 A = Elapsed time spent in this place.
 B = Non-inter-level travel time spent in this place.
 C = Inter-level travel time spent in this place.
 D = Time resting spent in this place.
 E = Time spent auto-exploring this place.
 F = Levels seen in this place.
 G = Mean time per level.
                   A        B        C        D        E       F      G
               +--------+--------+--------+--------+--------+-----+--------+
         Total |   3604 |   3396 |    208 |    336 |   1865 |   6 |  600.7 |
       Dungeon |   3602 |   3394 |    208 |    336 |   1865 |   5 |  720.4 |
        Temple |      1 |      1 |      0 |      0 |      0 |   1 |    1.0 |
               +--------+--------+--------+--------+--------+-----+--------+

Top non-repeatable levels by time:
     D:4: 1120 daAuts
     D:3: 956 daAuts
     D:1: 846 daAuts
     D:2: 611 daAuts
     D:5: 68 daAuts
  Temple: 1 daAuts
